 Dungeon Crawl Stone Soup version 0.29.0-15-g675c0067aa (webtiles) character file.

Game seed: 2459488438166777601

385 Lynora the Conjurer (level 6, -1/69 HPs)
             Began as a Demigod Conjurer on Sept 11, 2022.
             Succumbed to a killer bee's poison
             ... on level 4 of the Dungeon.
             The game lasted 00:32:45 (3915 turns).

Lynora the Conjurer (Demigod Conjurer)              Turns: 3915, Time: 00:32:45

Health: -1/69      AC: 23    Str:  8    XL:     6   Next: 23%
Magic:  5/14       EV:  2    Int: 20    God:
Gold:   180        SH:  0    Dex: 20    Spells: 11/12 levels left

rFire   . . .      SeeInvis .   d - +0 war axe
rCold   . . .      Faith    .   (no shield)
rNeg    . . .      Spirit   .   (body armour currently unavailable)
rPois   +          Reflect  .   (helmet currently unavailable)
rElec   .          Harm     .   (cloak currently unavailable)
rCorr   .          Rampage  .   (gloves currently unavailable)
Will    .....      NoTele   +   (boots currently unavailable)
Stlth   ++........              (no amulet)
HPRegen 0.21/turn               (no ring)
MPRegen 0.14/turn               (no ring)

@: lethally poisoned (-1 -> -8), tree-form
A: stationary, stasis, torment immunity, boosted hp, high MP 1, forlorn, divine
attributes
a: no special abilities


You were on level 4 of the Dungeon.
You were a tree.
You visited 1 branch of the dungeon, and saw 4 of its levels.

You collected 180 gold pieces.

Inventory:

Hand Weapons
 b - a +0 scythe
 c - a +0 club
 d - a +0 war axe (weapon)
 j - a +0 short sword
Missiles
 e - 8 boomerangs
 k - 3 stones
Armour
 a - a +2 robe (melded)
 l - the +0 cloak of the Lute (melded) {Rampage MP+9 Int+4}
   (You found it on level 2 of the Dungeon)

   Int:       It affects your intelligence (+4).
   MP:        It affects your magic capacity (+9).
   Rampage:   It bestows one free step when moving towards enemies.
Magical Staves
 f - a staff of conjuration
Scrolls
 h - a scroll of butterflies
Potions
 i - a potion of mutation {unknown}
 m - a potion of invisibility {unknown}


   Skills:
 + Level 0.6 Fighting
 + Level 1.8(1.9) Axes
 + Level 0.4(1.2) Maces & Flails
 + Level 2.3 Dodging
 + Level 2.2 Stealth
 + Level 3.6 Spellcasting
 + Level 5.2 Conjurations


You had 11 spell levels left.
You knew the following spells:

 Your Spells              Type           Power      Damage    Failure   Level
a - Magic Dart            Conj           96%        1d7       1%          1

Your spell library contained the following spells:

 Spells                   Type           Power      Damage    Failure   Level
 Searing Ray              Conj           48%        2d6       2%          2
 Apportation              Tloc           6%         N/A       14%         1
 Necrotise                Necr           12%        1d4       14%         1
 Summon Small Mammal      Summ           12%        N/A       14%         1
 Dazzling Flash           Conj/Hex       28%        N/A       14%         3
 Call Imp                 Summ           3%         N/A       21%         2
 Fulminant Prism          Conj/Hex       7%         3d7       41%         4
 Iskenderun's Mystic Bla  Conj/Tloc      14%        2d5       41%         4
 Summon Ice Beast         Ice/Summ       3%         N/A       80%         4
 Summon Cactus Giant      Summ           1%         N/A       100%        6
 Summon Horrible Things   Summ           1%         N/A       100%        8


Dungeon Overview and Level Annotations

Branches:
Dungeon (4/15)
 Temple: D:4-7


Innate Abilities, Weirdness & Mutations

You are a tree.
Your roots penetrate the ground, keeping you stationary.
You cannot be teleported.
You are immune to unholy pain and torment.
Your maximum health is greatly increased.
Your equipment is partially melded.
You have an increased reservoir of magic. (+10% MP)
You shall have no god before yourself.
Your divine heritage dramatically boosts your attributes as you level up.


Message History

The hound is moderately wounded.
You hit the killer bee but do no damage.
The killer bee completely misses you. The hound barely misses you.
The killer bee stings you.
* * * LOW HITPOINT WARNING * * *
The hound misses you. The killer bee barely misses you. The hound misses you.
Really quaff the potion of lignification? [Y]es or [N]o only, please.
Really quaff the potion of lignification?
You turn into a tree.
The +0 cloak of the Lute {Rampage MP+9 Int+4} melds into your body.
Your +2 robe melds into your body.
You feel your magic capacity decrease.
Your roots penetrate the ground.
The killer bee stings you but does no damage. x2
The hound bites you but does no damage.
You slash the hound!
The hound is severely wounded.
You hit the killer bee but do no damage.
The killer bee stings you.
* * * LOW HITPOINT WARNING * * *
You are lethally poisoned!
The killer bee poisons you! The hound bites you but does no damage.
The killer bee stings you but does no damage.
The hound bites you.
* * * LOW HITPOINT WARNING * * *
The killer bee stings you but does no damage.
You closely miss the hound.
The hound is severely wounded.
You hit the killer bee.
* * * LOW HITPOINT WARNING * * *
You feel very sick.
The killer bee stings you but does no damage.
The hound bites you.
* * * LOW HITPOINT WARNING * * *
The killer bee barely misses you. The hound bites you but does no damage.
The killer bee barely misses you.
You barely miss the hound.
The hound is severely wounded.
You hit the killer bee.
You die...

....... ....... #.
....... #..
....... ##...
....... ......
....... ......
......y#####......
#h♣..#.?.....
####...# ##.## #.#
#.# #.# ##.# #..#
#..#


You could see a hound and a killer bee.

Vanquished Creatures
  Sigmund (D:2)
  2 killer bees (D:4)
  2 orc priests (D:3)
  Robin (D:2)
  2 dart slugs (D:2)
  3 orcs (D:3)
  5 ball pythons
  3 endoplasms
  3 giant cockroaches (D:1)
  10 goblins
  9 hobgoblins
  3 jackals (D:2)
  3 quokkas
  6 bats
  A frilled lizard (D:1)
  2 kobolds
  3 rats
59 creatures vanquished.

Notes
Turn   | Place    | Note
-------+----------+-------------------------------------------
     0 | D:1      | Lynora the Demigod Conjurer began the quest for the Orb.
     0 | D:1      | Reached XP level 1. HP: 14/14 MP: 5/5
   188 | D:1      | Reached skill level 4 in Conjurations
   260 | D:1      | Reached XP level 2. HP: 20/20 MP: 2/7
   686 | D:1      | Identified a scroll of acquirement
   686 | D:1      | Acquired a staff of conjuration
  1035 | D:2      | Acquired the Omnibus of Disestablishmentarianism
  1079 | D:2      | Reached XP level 3. HP: 15/26 MP: 1/8
  1250 | D:2      | Noticed Robin
  1271 | D:2      | Killed Robin
  1906 | D:2      | Identified the +0 cloak of the Lute {Rampage MP+9 Int+4}
  2392 | D:2      | Noticed Sigmund
  2400 | D:2      | Killed Sigmund
  2401 | D:2      | Reached skill level 1 in Axes
  2401 | D:2      | Reached XP level 4. HP: 34/34 MP: 11/11
  2401 | D:2      | Reached XP level 5. HP: 39/39 MP: 12/12
  3041 | D:3      | Reached skill level 5 in Conjurations
  3902 | D:4      | Reached XP level 6. HP: 46/46 MP: 14/14
  3914 | D:4      | HP: 1/69 [hound (3)]
  3915 | D:4      | Succumbed to a killer bee's poison

Illustrated notes

Levels and vault maps discovered:
D:1:      dpeg_arrival_rhombus, layout_basic, ebering_ecumenical_altar_ruins,
          nicolae_kite_square_tiling_tiny
D:2:      layout_loops_ring, uniq_sigmund, uniq_robin
D:3:      layout_basic, nicolae_concentric_dashed_squares_mild
D:4:      layout_cave_pods

Skill      XL: |  1  2  3  4  5 |
---------------+----------------+-----
Conjurations   | 4 5 |  5.2
Spellcasting   | 2 3 |  3.6
Dodging        | 2 |  2.3
Axes           | 1 |  1.8
Stealth        | 2 |  2.2
Fighting       | |  0.6
Maces & Flails | |  0.4

Action                   |  1- 3 |  4- 6 || total
-------------------------+-------+-------++-------
Melee: Club              |    15 |       ||    15
       War axe           |     5 |     5 ||    10
 Cast: Magic Dart        |    85 |    41 ||   126
  Use: Scroll            |     8 |       ||     8
       Potion            |     5 |     1 ||     6
Armor: Robe              |    21 |     5 ||    26
       Skin              |       |     8 ||     8
Dodge: Dodged            |    24 |    27 ||    51
